[Event "Titled Tuesday Blitz November 29 Late 2022"]
[White "Rose, Felix"]
[Black "Floresvillar Gonzalez, Luis Migu"]
[WhiteFideId "5105722"]
[BlackFideId "5100542"]
[WhiteElo "2039"]
[BlackElo "2040"]
[Result "1-0"]
[Round "10"]
[TimeControl "180+1"]
[Date "2022.11.30"]
[WhiteClock "0:00:03"]
[BlackClock "0:01:01"]

1. e4 e6 2. d4 d5 3. Nc3 dxe4 4. Nxe4 Nd7 5. g3 Ngf6 6. Nxf6+ Nxf6 7. Bg2 c6 8. Nf3 Bd6 9. O-O Qc7 10. Re1 O-O 11. Qd3 c5 12. c4 cxd4 13. Nxd4 a6 14. b3 Rb8 15. Bb2 b6 16. Rad1 Bb7 17. Bxb7 Rxb7 18. Nxe6 fxe6 19. Qxd6 Qxd6 20. Rxd6 b5 21. c5 a5 22. Rdxe6 Rc7 23. c6 Rfc8 24. Bxf6 gxf6 25. Rxf6 Rxc6 26. Rxc6 Rxc6 27. Re5 Rc2 28. Rxb5 Rxa2 29. Kg2 Kg7 30. h4 a4 31. bxa4 Rxa4 32. Rb6 h5 33. Re6 Ra2 34. Kf3 Rb2 35. Re2 Rb3+ 36. Kf4 Rb5 37. Re5 Rb2 38. Rxh5 Rxf2+ 39. Kg4 Rf1 40. Rf5 Ra1 41. h5 Ra4+ 42. Kg5 Ra3 43. g4 Ra4 44. Rb5 Rc4 45. h6+ Kh7 46. Rb7+ Kh8 47. Kh5 Rc5+ 48. g5 Ra5 49. Rc7 Rb5 50. Rf7 Ra5 51. Kg6 Ra6+ 52. Rf6 Ra8 53. Re6 Rg8+ 54. Kh5 Ra8 55. g6 Ra5+ 56. Kg4 Ra4+ 57. Kf5 Ra5+ 58. Ke4 Ra4+ 59. Kd5 Ra5+ 60. Kc4 Ra4+ 61. Kb5 Ra8 62. Kb6 Rb8+ 63. Kc7 Ra8 64. Kd7 Ra7+ 65. Ke8 Ra8+ 66. Ke7 Ra7+ 67. Kf6 Ra8 68. Re7 Rf8+ 69. Rf7 Ra8 70. g7+ Kh7 71. Rf8 Ra6+ 72. Ke5 Ra5+ 73. Kd4 Ra4+ 74. Kc3 Ra3+ 75. Kb4 Rg3 76. Rh8+ Kg6 77. g8=Q+ Kh5 78. Qe8+ Kh4 79. Qe7+ Kh5 80. Qf7+ Kh4 81. Qf4+ Kh5 82. Rf8 Rg4 83. Qxg4+ Kxg4 84. h7 Kg5 85. h8=Q Kg6 86. Qg8+ Kh6 87. Qe6+ Kg5 88. Rf5+ Kg4 89. Qg6+ Kh3 90. Rh5# 1-0


[Site "https://www.chess.com"]

[Event "Titled Tuesday Blitz November 29 Late 2022"]
[White "Rubio Tent, Francisco"]
[Black "Barria Zuniga, Daniel"]
[WhiteFideId "2238233"]
[BlackFideId "3400816"]
[WhiteElo "2211"]
[BlackElo "2414"]
[Result "0-1"]
[Round "10"]
[TimeControl "180+1"]
[Date "2022.11.30"]
[WhiteClock "0:00:02"]
[BlackClock "0:00:40"]

1. e4 c5 2. Nf3 Nc6 3. d4 cxd4 4. Nxd4 e6 5. Nc3 Qc7 6. Be2 a6 7. Be3 Na5 8. O-O b5 9. f4 Bb7 10. Bf3 Nc4 11. Bc1 Ne7 12. Kh1 Ng6 13. Qe1 Bc5 14. Nb3 Be7 15. Qg3 O-O 16. e5 Bxf3 17. Qxf3 d6 18. exd6 Bxd6 19. Nd4 Rac8 20. a3 Rfd8 21. Ne4 Bxf4 22. Bxf4 Qxf4 23. Qxf4 Nxf4 24. Nxb5 axb5 25. Rxf4 Nxb2 26. Ng5 Rd7 27. Raf1 Rc4 28. R4f2 Rd1 29. Rxd1 Nxd1 30. Nxf7 Nxf2+ 0-1


[Site "https://www.chess.com"]

[Event "Titled Tuesday Blitz November 29 Late 2022"]
[White "Sabar, Ethmane Daouda"]
[Black "Figorito, Nick"]
[WhiteFideId "19600097"]
[BlackFideId "30923689"]
[WhiteElo "1950"]
[BlackElo "2325"]
[Result "1/2-1/2"]
[Round "10"]
[TimeControl "180+1"]
[Date "2022.11.30"]
[WhiteClock "0:00:19"]
[BlackClock "0:00:10"]

1. b3 Nf6 2. Bb2 g6 3. Bxf6 exf6 4. c4 Bg7 5. Nc3 O-O 6. e3 f5 7. d4 c6 8. g3 d6 9. Bg2 Nd7 10. Nge2 Nf6 11. O-O Bd7 12. Qc2 Qe7 13. Rfd1 Rac8 14. a4 Rfd8 15. a5 a6 16. Na4 Be8 17. Nb6 Rb8 18. Nc3 Nd7 19. Nca4 Nxb6 20. Nxb6 h5 21. h4 Kh7 22. Rd2 Bf6 23. Re1 Qf8 24. Bf3 Qg7 25. Kg2 Bd7 26. Rde2 Bc8 27. d5 c5 28. e4 fxe4 29. Bxe4 Bg4 30. f3 Bd7 31. Bd3 Be5 32. Rxe5 dxe5 33. d6 Bc6 34. Be4 Bxe4 35. Qxe4 f6 36. d7 Rxd7 37. Nxd7 Qxd7 38. f4 Re8 39. Qd5 Qxd5+ 40. cxd5 e4 41. Kf2 f5 42. Ke3 Rd8 43. Rd1 Kg7 44. b4 cxb4 45. Kd4 Re8 46. d6 e3 47. d7 e2 48. dxe8=Q exd1=Q+ 49. Kc5 Qc1+ 50. Kxb4 Qb2+ 51. Kc5 Qc3+ 52. Kb6 Qb4+ 53. Ka7 Qc5+ 54. Kxb7 Qxa5 55. Qe7+ Kg8 56. Qe8+ Kg7 57. Qe7+ Kg8 58. Qe8+ Kg7 1/2-1/2


[Site "https://www.chess.com"]

[Event "Titled Tuesday Blitz November 29 Late 2022"]
[White "Savic, Miroslav"]
[Black "Sariego Figueredo, Wilfredo"]
[WhiteFideId "14508494"]
[BlackFideId "3500080"]
[WhiteElo "2209"]
[BlackElo "2309"]
[Result "0-1"]
[Round "10"]
[TimeControl "180+1"]
[Date "2022.11.30"]
[WhiteClock "0:00:02"]
[BlackClock "0:00:03"]

1. Nf3 c5 2. c4 Nf6 3. Nc3 g6 4. g3 Bg7 5. Bg2 Nc6 6. O-O O-O 7. d4 cxd4 8. Nxd4 Nxd4 9. Qxd4 a6 10. b3 Qa5 11. Bb2 d6 12. a3 Rb8 13. b4 Qc7 14. Rac1 Be6 15. Nd5 Bxd5 16. cxd5 Qd7 17. e4 Rfc8 18. h3 b5 19. Kh2 Ng4+ 20. hxg4 Bxd4 21. Bxd4 Rxc1 22. Rxc1 Rc8 23. Rxc8+ Qxc8 24. f3 Qc4 25. Bb6 Qb3 26. Ba5 Qxa3 27. Kh3 f6 28. f4 g5 29. f5 Qe3 30. Kh2 Qe2 31. Kh3 h5 32. Bd8 Qxg4+ 33. Kh2 Kf7 34. Bb6 h4 35. Bf2 hxg3+ 36. Bxg3 Qh5+ 37. Kg1 Qd1+ 38. Kh2 Qb1 39. e5 fxe5 40. f6 exf6 41. Bh3 Qxb4 42. Be6+ Ke7 43. Kh3 a5 44. Kg2 a4 45. Be1 Qxe1 46. Kf3 a3 47. Kg4 a2 48. Kh5 a1=Q 49. Kh6 Qa8 50. Kg7 Qf8+ 51. Kg6 Qe4+ 52. Bf5 Qg8+ 53. Kh6 Qh1+ 54. Bh3 Qxh3# 0-1


[Site "https://www.chess.com"]

[Event "Titled Tuesday Blitz November 29 Late 2022"]
[White "Schuster, Karsten"]
[Black "Joubert, Dantelle"]
[WhiteFideId "4611071"]
[BlackFideId "14310813"]
[WhiteElo "2294"]
[BlackElo "1507"]
[Result "1-0"]
[Round "10"]
[TimeControl "180+1"]
[Date "2022.11.30"]
[WhiteClock "0:00:57"]
[BlackClock "0:00:01"]

1. d4 d5 2. c4 c6 3. cxd5 cxd5 4. Bf4 Nc6 5. e3 Nf6 6. Nc3 a6 7. Bd3 e6 8. Rc1 Bd6 9. Bg3 O-O 10. Bb1 Re8 11. Nf3 Bxg3 12. hxg3 h6 13. a3 e5 14. dxe5 Nxe5 15. O-O Bg4 16. Bd3 Qd6 17. Be2 Rad8 18. Nd4 Bc8 19. b4 Ne4 20. Qc2 Qg6 21. Bf3 Nxf3+ 22. gxf3 Nf6 23. Qxg6 fxg6 24. Na4 Re7 25. Rc3 Bh3 26. Rfc1 Kf7 27. Nb6 Rd6 28. Nc8 Bxc8 29. Rxc8 Rb6 30. R1c5 Rd6 31. g4 b6 32. Rc2 1-0


[Site "https://www.chess.com"]

[Event "Titled Tuesday Blitz November 29 Late 2022"]
[White "Shimanov, Aleksandr"]
[Black "Korobov, Anton"]
[WhiteFideId "4198603"]
[BlackFideId "14105730"]
[WhiteElo "2605"]
[BlackElo "2635"]
[Result "1-0"]
[Round "10"]
[TimeControl "180+1"]
[Date "2022.11.30"]
[WhiteClock "0:00:21"]
[BlackClock "0:00:24"]

1. e4 c5 2. Nf3 d6 3. d4 cxd4 4. Qxd4 Nf6 5. Bg5 Nc6 6. Bb5 Bd7 7. Qd3 e6 8. Nc3 Be7 9. O-O-O a6 10. Bxc6 Bxc6 11. Nd4 O-O 12. f4 Qa5 13. Rhe1 Rfc8 14. f5 Bd7 15. Kb1 b5 16. fxe6 fxe6 17. e5 dxe5 18. Rxe5 Qc7 19. Rde1 b4 20. Nxe6 Qb7 21. Nd5 Nxd5 22. Rxd5 Bc6 23. Qd4 Bf8 24. Rd8 Qf7 25. Nxf8 Rxd8 26. Bxd8 Qxf8 27. Be7 Qf7 28. Bxb4 Bxg2 29. b3 Re8 30. Rxe8+ Qxe8 31. Qc4+ Kh8 32. Qxa6 Be4 33. Qd6 h5 34. Qf8+ Qxf8 35. Bxf8 g5 36. Be7 Kh7 37. Bxg5 Kg6 38. h4 1-0


[Site "https://www.chess.com"]

[Event "Titled Tuesday Blitz November 29 Late 2022"]
[White "Souleidis, Georgios"]
[Black "Maksimovic, Bojan"]
[WhiteFideId "4206827"]
[BlackFideId "14408120"]
[WhiteElo "2401"]
[BlackElo "2447"]
[Result "0-1"]
[Round "10"]
[TimeControl "180+1"]
[Date "2022.11.30"]
[WhiteClock "0:00:13"]
[BlackClock "0:00:53"]

1. e4 c5 2. Be2 d5 3. exd5 Qxd5 4. Nf3 Nc6 5. Nc3 Qd8 6. O-O Nf6 7. Re1 e6 8. Bb5 Bd7 9. d3 Be7 10. h3 O-O 11. Ne4 Nd4 12. Bxd7 Qxd7 13. Ne5 Qc7 14. Nc4 Rad8 15. c3 Nc6 16. a4 Nxe4 17. Rxe4 Rd5 18. Qe2 Rfd8 19. Bf4 Qd7 20. Re3 Rxd3 21. Rxd3 Qxd3 22. Qxd3 Rxd3 23. Kf1 f6 24. Be3 Kf7 25. Ke2 Rd8 26. a5 e5 27. g4 Ke6 28. f3 g6 29. b3 Rd7 30. Bd2 Rd8 31. Be3 Rh8 32. Bd2 h5 33. Ne3 hxg4 34. hxg4 Rh2+ 35. Kd3 f5 36. gxf5+ gxf5 37. Be1 e4+ 38. fxe4 Ne5# 0-1


[Site "https://www.chess.com"]

[Event "Titled Tuesday Blitz November 29 Late 2022"]
[White "Stanisz, Patryk"]
[Black "Vargas, Mauricio"]
[WhiteFideId "1123106"]
[BlackFideId "4404572"]
[WhiteElo "2069"]
[BlackElo "2025"]
[Result "1-0"]
[Round "10"]
[TimeControl "180+1"]
[Date "2022.11.30"]
[WhiteClock "0:01:16"]
[BlackClock "0:00:02"]

1. Nf3 d5 2. d4 c6 3. c4 Bg4 4. Ne5 Bh5 5. cxd5 cxd5 6. Nc3 a6 7. a4 f6 8. Nf3 Nc6 9. Qb3 Rb8 10. e3 e6 11. Be2 Bd6 12. O-O Bc7 13. e4 dxe4 14. Qxe6+ Nge7 15. Nxe4 Bf7 16. Qg4 O-O 17. Nxf6+ Kh8 18. Nh5 Bg6 19. Bd3 Qd6 20. Bf4 Rxf4 21. Nxf4 Bxd3 22. Nxd3 Rf8 23. Nde5 1-0


[Site "https://www.chess.com"]

[Event "Titled Tuesday Blitz November 29 Late 2022"]
[White "Suder, Jakub"]
[Black "Lewtak, Damian"]
[WhiteFideId "1195310"]
[BlackFideId "1141724"]
[WhiteElo "2243"]
[BlackElo "2329"]
[Result "1-0"]
[Round "10"]
[TimeControl "180+1"]
[Date "2022.11.30"]
[WhiteClock "0:00:12"]
[BlackClock "0:00:19"]

1. d4 d5 2. c4 c6 3. cxd5 cxd5 4. Bg5 Nf6 5. Bxf6 exf6 6. Nc3 Nc6 7. e3 Bb4 8. Ne2 O-O 9. g3 Bg4 10. Rc1 Qa5 11. a3 Bxc3+ 12. Rxc3 Rfe8 13. Qd2 Bf3 14. Rg1 Rac8 15. g4 h6 16. Rg3 Bxe2 17. Bxe2 Ne7 18. h4 Qb6 19. g5 Rxc3 20. Qxc3 Rc8 21. Qd2 Nf5 22. Rg4 fxg5 23. hxg5 h5 24. Rf4 Nd6 25. Bd3 g6 26. Rf6 Rc6 27. Kf1 Qc7 28. Kg1 Nc8 29. Rxc6 bxc6 30. f4 c5 31. Qc2 c4 32. Bxg6 fxg6 33. Qxg6+ Kf8 34. Qf5+ Ke8 35. g6 Qd7 36. Qxh5 Qg7 37. f5 Kf8 38. Qg5 Nd6 39. f6 Qd7 40. Qh6+ Kg8 41. f7+ Nxf7 42. Qh7+ Kf8 43. g7+ 1-0


[Site "https://www.chess.com"]

[Event "Titled Tuesday Blitz November 29 Late 2022"]
[White "Svane, Frederik"]
[Black "Nasuta, Grzegorz"]
[WhiteFideId "12923044"]
[BlackFideId "1141686"]
[WhiteElo "2466"]
[BlackElo "2440"]
[Result "1-0"]
[Round "10"]
[TimeControl "180+1"]
[Date "2022.11.30"]
[WhiteClock "0:00:01"]
[BlackClock "0:00:03"]

1. c4 e5 2. d3 Nf6 3. Nf3 Nc6 4. Nc3 d5 5. cxd5 Nxd5 6. e4 Nxc3 7. bxc3 Bc5 8. Be2 O-O 9. O-O h6 10. Be3 Bxe3 11. fxe3 Qe7 12. Qe1 b6 13. Nh4 Be6 14. d4 Bd7 15. Bc4 Na5 16. Ng6 Qd6 17. Nxf8 Nxc4 18. Nxd7 Qxd7 19. Qe2 Qa4 20. Rf5 Re8 21. Raf1 f6 22. R5f3 Qc6 23. d5 Qc5 24. Rg3 Rf8 25. h4 Kh8 26. Kh2 a5 27. Rf5 Nd6 28. Rh5 Nxe4 29. Rg6 Rf7 30. Qg4 Nd6 31. Rhxh6+ Kg8 32. Rxf6 Qxd5 33. Rxf7 Qxf7 34. Re6 e4 35. a4 Qd7 36. h5 Kf7 37. Qg6+ Kg8 38. h6 1-0


[Site "https://www.chess.com"]

[Event "Titled Tuesday Blitz November 29 Late 2022"]
[White "Sztokbant, Bernardo Vainzoff"]
[Black "Zeman, Matyas"]
[WhiteFideId "2115956"]
[BlackFideId "364398"]
[WhiteElo "2228"]
[BlackElo "2254"]
[Result "1-0"]
[Round "10"]
[TimeControl "180+1"]
[Date "2022.11.30"]
[WhiteClock "0:00:02"]
[BlackClock "0:00:02"]

1. e4 g6 2. d4 Bg7 3. Nc3 d6 4. Nf3 Nf6 5. Be2 O-O 6. O-O Nc6 7. Re1 Bg4 8. Be3 e5 9. dxe5 Nxe5 10. Nxe5 Bxe2 11. Nxf7 Bxd1 12. Nxd8 Bxc2 13. Ne6 Rfe8 14. Nxc7 Nxe4 15. Rac1 Bd3 16. Nxa8 Rxa8 17. Nxe4 Bxe4 18. Rc7 Bc6 19. Bf4 Bf6 20. Bh6 a5 21. b3 Be5 22. g3 Re8 23. Bf4 Rd8 24. Bxe5 dxe5 25. Rxc6 bxc6 26. Rxe5 a4 27. bxa4 Rd2 28. Rc5 Rxa2 29. Rxc6 Rxa4 30. Rc7 h5 31. h4 Ra2 32. Kg2 Ra3 33. Rb7 Rc3 34. Kf1 Rc2 35. Kg2 Rc3 36. Rd7 Rb3 37. f3 Rb2+ 38. Kf1 Ra2 39. Re7 Rb2 40. Re2 Rb3 41. Kf2 Kg7 42. Rd2 Kf6 43. Ke2 Ra3 44. Rd3 Ra2+ 45. Ke3 Ra4 46. Rd4 Ra3+ 47. Kf4 Ra6 48. g4 hxg4 49. fxg4 Rb6 50. Rc4 Rb7 51. Rc6+ Kg7 52. Rc5 Rb6 53. Kg5 Rb7 54. Rd5 Ra7 55. Rd6 Ra5+ 56. Kf4 Ra4+ 57. Kf3 Ra3+ 58. Ke4 Ra4+ 59. Rd4 Ra6 60. g5 Ra5 61. Rd7+ Kf8 62. Kf4 Rf5+ 63. Kg4 Ra5 64. Rc7 Ra4+ 65. Kg3 Rb4 66. Rc3 Ra4 67. Rf3+ Kg7 68. Rf4 Ra3+ 69. Kg4 Ra5 70. Rc4 Rb5 71. Kf4 Rb7 72. Ke4 Re7+ 73. Kd5 Ra7 74. Ke5 Ra5+ 75. Ke6 Ra6+ 76. Kd5 Ra5+ 77. Rc5 Ra4 78. Rc7+ Kf8 79. Ke6 Rxh4 80. Kf6 Rf4+ 81. Kxg6 Ra4 82. Rc8+ Ke7 83. Kg7 Ra7 84. g6 Ke6+ 85. Kg8 Kf6 86. Rc6+ 1-0


[Site "https://www.chess.com"]

[Event "Titled Tuesday Blitz November 29 Late 2022"]
[White "Tan, Ralph"]
[Black "Leebit02"]
[WhiteFideId "30966590"]
[WhiteElo "2059"]
[BlackElo "2310"]
[Result "1/2-1/2"]
[Round "10"]
[TimeControl "180+1"]
[Date "2022.11.30"]
[WhiteClock "0:00:10"]
[BlackClock "0:00:13"]

1. Nf3 Nf6 2. g3 d5 3. Bg2 e6 4. O-O Be7 5. d4 O-O 6. c4 dxc4 7. Ne5 Nc6 8. Bxc6 bxc6 9. Nxc6 Qe8 10. Nxe7+ Qxe7 11. Qa4 e5 12. dxe5 Qxe5 13. Nc3 Qh5 14. Qxc4 Bh3 15. Rd1 Rfe8 16. Bf4 c5 17. Rd6 Be6 18. Qd3 g5 19. Be3 Ng4 20. h4 gxh4 21. Bf4 h3 22. Qf3 Nf6 23. Qxh5 Nxh5 24. Be3 Rac8 25. Rad1 Kg7 26. Kh2 Nf6 27. f3 Bc4 28. Bg5 Re6 29. e4 Ne8 30. Rxe6 Bxe6 31. Be3 f5 32. e5 Kf7 33. f4 Ke7 34. Kxh3 Nc7 35. Bxc5+ Kf7 36. Bxa7 Na6 37. Be3 Nb4 38. a3 Nc2 39. Bf2 Rb8 40. b4 Nxa3 41. b5 Rb7 42. Rd6 Nxb5 43. Nxb5 Rxb5 44. Ra6 Rd5 45. Ra7+ Rd7 46. Rxd7+ Bxd7 47. Kh4 Kg6 48. Bc5 Be6 49. Bd6 Bd7 50. Bc5 Be6 51. Bb4 Bd7 52. Be1 Be6 53. Bf2 Bd7 54. Be3 Be6 55. Bf2 Bd7 1/2-1/2


[Site "https://www.chess.com"]

[Event "Titled Tuesday Blitz November 29 Late 2022"]
[White "Tirelli, Mauro"]
[Black "Mohammed, Zozek Salah Mohammed"]
[WhiteFideId "845353"]
[BlackFideId "4803361"]
[WhiteElo "2166"]
[BlackElo "2199"]
[Result "1-0"]
[Round "10"]
[TimeControl "180+1"]
[Date "2022.11.30"]
[WhiteClock "0:00:07"]
[BlackClock "0:00:02"]

1. d4 d5 2. c4 c6 3. Nf3 Nf6 4. Nc3 e6 5. Bg5 dxc4 6. e4 b5 7. e5 h6 8. Bh4 g5 9. Nxg5 hxg5 10. Bxg5 Nbd7 11. g3 Qb6 12. exf6 Bb7 13. Bg2 O-O-O 14. O-O c5 15. d5 b4 16. Rb1 Qa5 17. dxe6 fxe6 18. Bxb7+ Kxb7 19. Qf3+ Kc7 20. Bf4+ Bd6 21. Bxd6+ Kxd6 22. Ne4+ Kc7 23. a3 Rhf8 24. axb4 cxb4 25. Rbc1 Qd5 26. Rfd1 Qc6 27. Qf4+ e5 28. Qe3 Nb6 29. Nc5 Rxf6 30. Qxe5+ Rfd6 31. Ne6+ Kc8 32. Nxd8 Rxd8 33. Rxd8+ Kxd8 34. Rd1+ Kc8 35. Rd6 Qc7 36. Qe8+ Kb7 37. Qe4+ Ka6 38. Rd1 Qg7 39. Ra1+ Kb5 40. Qf5+ Kc6 41. Qe6+ Kb5 42. h4 Qxb2 43. Rxa7 Qb1+ 44. Kh2 Qd3 45. Rb7 Qd4 46. Qf5+ Ka6 47. Re7 c3 48. h5 b3 49. Re4 Qd5 50. Re5 Qd4 51. Ra5+ Kb7 52. Qf7+ Kc6 53. Qe6+ Qd6 54. Qxb3 Qd4 55. Qe6+ Kb7 56. Qe7+ Kc6 57. Qe6+ Kb7 58. Qf7+ Kc6 59. h6 c2 60. Qg6+ Kb7 61. Qxc2 1-0


[Site "https://www.chess.com"]

[Event "Titled Tuesday Blitz November 29 Late 2022"]
[White "Torres Dominguez, David"]
[Black "Andreassen, Lars"]
[WhiteFideId "2220857"]
[BlackFideId "1504878"]
[WhiteElo "2037"]
[BlackElo "2119"]
[Result "0-1"]
[Round "10"]
[TimeControl "180+1"]
[Date "2022.11.30"]
[WhiteClock "0:00:48"]
[BlackClock "0:00:52"]

1. e4 d5 2. d3 dxe4 3. dxe4 Qxd1+ 4. Kxd1 Nf6 5. f3 Nc6 6. Be3 Be6 7. Nd2 O-O-O 8. c3 g6 9. Kc2 Bg7 10. Ne2 Nd7 11. Nf4 Nf8 12. Nxe6 Nxe6 13. Bc4 Rd6 14. b4 Rhd8 15. Rad1 a6 16. Bb3 b5 17. a4 f5 18. axb5 axb5 19. Rhe1 Nf8 20. Bf4 e5 21. Bg5 R8d7 22. Nf1 h6 23. Bh4 g5 24. Bf2 fxe4 25. fxe4 Ng6 26. g3 Kd8 27. Bc5 Rxd1 28. Rxd1 Rxd1 29. Kxd1 Kd7 30. Ne3 Nge7 31. Ke2 h5 32. Nd5 Nxd5 33. Bxd5 Ne7 34. Bb3 Bf6 35. Bd1 Nc8 36. Be3 Nd6 37. Kd3 g4 38. Be2 Nc4 39. Bc1 Nd6 40. Kc2 c6 41. Kb3 Nxe4 42. c4 bxc4+ 43. Kxc4 Nd6+ 44. Kc5 Be7 45. Kb6 Bd8+ 46. Kc5 Ne4+ 47. Kc4 Be7 48. Be3 Nd6+ 49. Kc3 Nf5 50. Bb6 Bd6 51. Bd3 Ne7 52. Kc4 Nd5 53. Be4 Nxb6+ 0-1


[Site "https://www.chess.com"]

[Event "Titled Tuesday Blitz November 29 Late 2022"]
[White "Tristan, Leonardo"]
[Black "Salem, A.R. Saleh"]
[WhiteFideId "113816"]
[BlackFideId "9301348"]
[WhiteElo "2461"]
[BlackElo "2628"]
[Result "0-1"]
[Round "10"]
[TimeControl "180+1"]
[Date "2022.11.30"]
[WhiteClock "0:00:01"]
[BlackClock "0:00:19"]

1. d4 Nf6 2. Nf3 g6 3. Bf4 Bg7 4. e3 O-O 5. Be2 d6 6. O-O c5 7. c3 Qb6 8. Nbd2 Be6 9. e4 Qxb2 10. d5 Bg4 11. Nc4 Qxc3 12. Rc1 Nxe4 13. Rxc3 Nxc3 14. Qd2 b5 15. Ne3 Bxf3 16. Bxf3 Nd7 17. Ng4 b4 18. Bh6 Rfe8 19. Bxg7 Kxg7 20. Qh6+ Kg8 21. Qf4 Kg7 22. h4 h5 23. Nh6 Ne5 24. Re1 f6 25. Bxh5 Rh8 26. Nf5+ gxf5 27. Qg3+ Kf8 28. Rxe5 Rxh5 29. Qg6 Rxh4 30. Rxe7 Kxe7 31. Qg7+ Ke8 32. Qg8+ Kd7 33. Qxa8 Rd4 34. Qxa7+ Ke8 35. Qb8+ Kf7 36. Qc7+ Kg6 37. Qxd6 Ne2+ 38. Kf1 Nf4 39. f3 c4 40. Qf8 Nh5 41. Qxb4 f4 42. Qc3 Ng3+ 43. Kf2 Nf5 44. Qc2 Kg5 0-1


[Site "https://www.chess.com"]

[Event "Titled Tuesday Blitz November 29 Late 2022"]
[White "Vasques, Antonio Pedro Freixial"]
[Black "Curtis, John"]
[WhiteFideId "1908332"]
[BlackFideId "3200256"]
[WhiteElo "2243"]
[BlackElo "2203"]
[Result "1-0"]
[Round "10"]
[TimeControl "180+1"]
[Date "2022.11.30"]
[WhiteClock "0:01:35"]
[BlackClock "0:00:10"]

1. e4 c5 2. Nc3 e6 3. Nge2 d5 4. exd5 exd5 5. d4 Nc6 6. dxc5 d4 7. Ne4 Bxc5 8. Nxc5 Qa5+ 9. Bd2 Qxc5 10. Nf4 Nf6 11. Bd3 O-O 12. O-O Bg4 13. f3 Bd7 14. Qe1 Rfe8 15. Qh4 Nb4 16. Bxb4 Qxb4 17. Rae1 Rxe1 18. Rxe1 Qxb2 19. Nd5 Be6 20. Nxf6+ gxf6 21. Qh6 f5 22. Rxe6 fxe6 23. Qxe6+ Kg7 24. Qe5+ Kf8 25. Qf6+ Ke8 26. Qh8+ Ke7 27. Qxa8 Qc1+ 28. Bf1 Qe3+ 29. Kh1 Qf2 30. Qxb7+ Kf6 31. Qa6+ Kg5 32. Qe2 Qxe2 33. Bxe2 Kf4 34. Bd3 Ke5 35. g3 f4 36. g4 h6 37. h4 Kf6 38. Kg2 a5 39. Kf2 a4 40. Ke2 a3 41. Kd2 Ke5 42. c3 dxc3+ 43. Kxc3 Kd5 44. g5 hxg5 45. hxg5 Ke5 46. g6 Kf6 47. Kb3 Kg7 48. Kxa3 Kf6 49. Kb3 Kg7 50. a4 Kf6 51. a5 Kg7 52. a6 Kf6 53. a7 1-0


[Site "https://www.chess.com"]

[Event "Titled Tuesday Blitz November 29 Late 2022"]
[White "Weisz, Bryan"]
[Black "Dias, Joao Batista"]
[WhiteFideId "30934133"]
[BlackFideId "2108240"]
[WhiteElo "2293"]
[BlackElo "1898"]
[Result "0-1"]
[Round "10"]
[TimeControl "180+1"]
[Date "2022.11.30"]
[WhiteClock "0:00:17"]
[BlackClock "0:00:44"]

1. e4 e5 2. Nf3 Nc6 3. Bc4 Be7 4. d4 exd4 5. c3 d6 6. cxd4 Nf6 7. Nc3 O-O 8. O-O Bg4 9. Be3 Bh5 10. Qd2 Nxe4 11. Nxe4 d5 12. Bd3 Bxf3 13. gxf3 dxe4 14. Bxe4 Bd6 15. Qc2 Qh4 16. f4 Bxf4 17. Bxf4 Qxf4 18. Bxc6 bxc6 19. Qxc6 Qxd4 20. Qxc7 Qxb2 21. Rfe1 a5 22. a4 Qb8 23. Qxb8 Rfxb8 24. Rab1 Rxb1 25. Rxb1 Kf8 26. Rb7 g6 27. Kg2 h5 28. Kf3 Ra6 29. Kf4 Kg7 30. h4 Kf6 31. Ke4 Rc6 32. Kd5 Re6 33. Rb5 Ra6 34. Kc5 Kf5 35. Kd4+ Kg4 36. Rb7 Kxh4 37. Rxf7 Rb6 38. Rf4+ Kh3 39. Kc5 Re6 40. Kb5 Re5+ 41. Kb6 g5 42. Rc4 Kg2 43. f4 gxf4 44. Rxf4 Kg3 45. Rf8 h4 46. Rg8+ Kf3 47. Kc6 Re4 48. Kb5 Re5+ 49. Kb6 h3 50. Ka6 Rh5 51. Rg1 h2 52. Ra1 Ke3 53. Kb6 Kd4 54. Rb1 Kd3 55. Ka6 h1=Q 56. Rxh1 Rxh1 57. Kxa5 Kc4 58. Kb6 Rb1+ 59. Ka6 Kc5 60. a5 Kc6 61. Ka7 Ra1 62. a6 Kc7 63. Ka8 Rxa6# 0-1


[Site "https://www.chess.com"]

[Event "Titled Tuesday Blitz November 29 Late 2022"]
[White "Yoo, Christopher Woojin"]
[Black "Leitao, Rafael"]
[WhiteFideId "30909694"]
[BlackFideId "2101246"]
[WhiteElo "2463"]
[BlackElo "2609"]
[Result "1-0"]
[Round "10"]
[TimeControl "180+1"]
[Date "2022.11.30"]
[WhiteClock "0:01:29"]
[BlackClock "0:00:56"]

1. Nf3 Nf6 2. b3 g6 3. Bb2 Bg7 4. c4 O-O 5. g3 d6 6. d4 Nbd7 7. Bg2 e5 8. dxe5 Ng4 9. O-O Ndxe5 10. Nxe5 Nxe5 11. Nc3 Re8 12. Qd2 Rb8 13. Rad1 Be6 14. f4 Nd7 15. e4 f5 16. exf5 Bxf5 17. Bxb7 Nf6 18. Bf3 Qd7 19. Nd5 Nxd5 20. Bxd5+ Kh8 21. Bxg7+ Qxg7 22. Rfe1 h5 23. Bc6 Rf8 24. Qd4 Rf6 25. Qxa7 Rbf8 26. h4 Bg4 27. Rd2 d5 28. Bxd5 Rb6 29. Qa3 1-0


[Site "https://www.chess.com"]

[Event "Titled Tuesday Blitz November 29 Late 2022"]
[White "Young, Ryan"]
[Black "Marcolino, Daniel Mattos"]
[WhiteFideId "2049945"]
[BlackFideId "2106841"]
[WhiteElo "2271"]
[BlackElo "2127"]
[Result "0-1"]
[Round "10"]
[TimeControl "180+1"]
[Date "2022.11.30"]
[WhiteClock "0:00:21"]
[BlackClock "0:00:33"]

1. e4 c6 2. Nf3 d5 3. Nc3 Bg4 4. h3 Bxf3 5. Qxf3 Nf6 6. e5 Nfd7 7. d4 e6 8. Be2 c5 9. Be3 cxd4 10. Bxd4 Nc6 11. Qe3 Nxd4 12. Qxd4 Bc5 13. Qf4 Qc7 14. Bb5 O-O 15. Bxd7 Qxd7 16. O-O f6 17. Rae1 fxe5 18. Qxe5 Rf6 19. Re2 Raf8 20. Ne4 Rf5 21. Nxc5 Rxe5 22. Nxd7 Rxe2 23. Nxf8 Kxf8 24. Rc1 Ke7 25. Kf1 Re4 26. f3 Rd4 27. Ke2 Kd6 28. c3 Ra4 29. a3 Ra6 30. Kd3 Rb6 31. Kc2 e5 32. Re1 Rc6 33. Kd2 a5 34. b4 a4 35. Rc1 Rc4 36. Kd3 b5 37. Rc2 Rf4 38. Re2 Ke6 39. Kd2 Rf6 40. Re3 h5 41. Kd3 h4 42. Re2 Kf5 43. Rd2 Rd6 44. Ke3 Rc6 45. Kd3 e4+ 46. fxe4+ dxe4+ 47. Kc2 Kf4 48. Rd8 Rg6 49. c4 Rxg2+ 50. Kc3 e3 51. cxb5 e2 52. Re8 Kf3 53. Rf8+ Kg3 54. Re8 Kf2 55. b6 Rg6 56. Kd2 Rd6+ 57. Kc3 Rxb6 58. Rxe2+ Kxe2 59. Kc4 Kf3 60. Kc5 Rf6 61. b5 Kg3 62. b6 Kxh3 63. b7 Rf8 64. Kb5 Kg4 65. Kxa4 h3 66. Kb5 h2 67. a4 h1=Q 68. a5 Qxb7+ 69. Ka4 Rf4+ 70. Ka3 Qb4+ 71. Ka2 Rf2+ 72. Ka1 Qb2# 0-1


[Site "https://www.chess.com"]

[Event "Titled Tuesday Blitz November 29 Late 2022"]
[White "Yuan, Qingyu"]
[Black "Dylag, Emilia"]
[WhiteFideId "8609772"]
[BlackFideId "21805172"]
[WhiteElo "2359"]
[BlackElo "1878"]
[Result "0-1"]
[Round "10"]
[TimeControl "180+1"]
[Date "2022.11.30"]
[WhiteClock "0:00:05"]
[BlackClock "0:00:11"]

1. e4 e5 2. Nf3 Nc6 3. Bb5 a6 4. Ba4 d6 5. c3 Bd7 6. O-O g6 7. d4 Bg7 8. Re1 Nf6 9. Nbd2 O-O 10. h3 b5 11. Bc2 exd4 12. cxd4 Nb4 13. Bb1 c5 14. d5 a5 15. Nf1 Re8 16. Ng3 c4 17. Nd4 Na6 18. Bf4 Qb6 19. Be3 Nc5 20. Bc2 b4 21. Rc1 Rac8 22. Qe2 Qa6 23. f3 Nxd5 24. Red1 Nxe3 25. Qxe3 Qb6 26. Nf1 Nd3 27. Ne2 Qxe3+ 28. Nxe3 Nxc1 29. Nxc1 Bxb2 30. Ne2 a4 31. Rxd6 Be6 32. Bxa4 Red8 33. Rb6 Rd2 34. Kf1 Ba3 35. f4 c3 36. f5 Bxa2 37. Ke1 Rd3 38. Nc2 Bb1 39. Nxa3 bxa3 40. Rxb1 c2 41. Rc1 a2 42. Ra1 Rd1+ 43. Rxd1 cxd1=Q+ 44. Bxd1 a1=Q 45. Kf2 gxf5 46. Bb3 fxe4 47. Bd5 Qb2 48. Bxe4 Re8 49. Bf3 Kg7 50. Kf1 Qb1+ 51. Kf2 Qc2 52. Kf1 Qd2 53. Kf2 Re3 54. Kf1 Rxf3+ 55. gxf3 Qe3 56. Ng1 h5 57. h4 Qf4 58. Kg2 Qxh4 59. Nh3 Qd4 60. Nf2 f5 61. Nh3 f4 62. Ng5 Kg6 63. Nh3 Kf5 64. Nf2 Qd2 65. Kf1 h4 66. Kg2 h3+ 67. Kxh3 Qe2 68. Kg2 Kg5 69. Kh3 Qxf3+ 70. Kh2 Qg3+ 71. Kh1 Qf3+ 72. Kh2 Qxf2+ 73. Kh3 Qg3# 0-1


[Site "https://www.chess.com"]